Match 40519671
Unlisted

Match 40519671
End
Engineer Squad
Construct Barracks
Riflemen Squad
Riflemen Squad
Riflemen Squad
Construct Medical Station
Infantry Support Center
Selects Heavy Weapons
Selects M2HB .50cal Heavy Machine Gun
Construct Weapon Support Center
M3 Armored Personnel Carrier
Selects Assault Carriers
Selects Exchangeable Parts
Grenade Package
M1919 Machine Gun Team
M1918 Browning Automatic Rifles
M1919 Machine Gun Team
Riflemen Squad
Riflemen Squad
Selects Rapid Reposition
Construct Motor Pool
M1 Anti-tank Gun Team
Selects M26 Pershing Heavy Tank
M26 Pershing Heavy Tank
M26 Pershing Heavy Tank
DebaKLe
Hanzawilhelm Longbowman of Crécy
Vasilli Grozny
Manu
0
0

Comments sign in to comment!

No comments posted yet!